 Dungeon Crawl Stone Soup version bcrawl-1.21.3 (webtiles) character file.

Game seed: 9025478330368150072

12334 funkygono the Thaumaturge (level 11, -2/64 HPs)
             Began as a Fairy Conjurer on Apr 5, 2020.
             Was an Elder of Sif Muna.
             Killed by divine providence
             ... invoked by an orc priest
              (15 damage)
             ... on level 10 of the Dungeon.
             The game lasted 00:34:50 (9812 turns).

funkygono the Thaumaturge (Fairy Conjurer)          Turns: 9812, Time: 00:34:50

Health: -2/64      AC: 12    Str: 18    XL:     11   Next: 91%
Magic:  5/30       EV: 35    Int: 45    God:    Sif Muna [****..]
Gold:   2089       SH:  6    Dex: 14    Spells: 14/36 levels left

rFire    + . .     SeeInvis .   s - +6 Majin-Bo {vamp, *Drain Str+12 Int+24}
rCold    x . .     Gourm    .   (shield currently unavailable)
rNeg     + . .     Faith    .   (armour unavailable)
rPois    .         Spirit   .   (no helmet)
rElec    .         Reflect  .   p - +2 cloak
rCorr    .         Harm     .   (no gloves)
MR       +....                  n - +2 pair of boots
Stlth    +.........             I - amulet of the acrobat
HPRegen  0.20/turn              g - ring of fire
MPRegen  0.22/turn              x - ring of positive energy

@: flying evasively
A: small, magic attunement, unstealthy, unfitting armour, able to fly, AC/SH +6
a: Stop Flying, Divine Energy, Channel Magic, Forget Spell, Renounce Religion


You were on level 10 of the Dungeon.
You worshipped Sif Muna.
Sif Muna was greatly pleased with you.
You were not hungry.

You visited 2 branches of the dungeon, and saw 11 of its levels.
You also visited: Bailey.

You collected 2089 gold pieces.

Inventory:

Hand Weapons
 m - a +3 dagger of venom
 s - the +6 Majin-Bo (weapon) {vamp, *Drain Str+12 Int+24}
   (You took it off a goblin on level 8 of the Dungeon)

   It inflicts no extra harm, but heals its wielder when it wounds a living foe.
   It affects your strength (+12).
   It affects your intelligence (+24).
   It causes draining when unequipped.
 z - a +2 short sword of piercing
Missiles
 a - 1732 stones (quivered)
 G - a throwing net {!f}
Armour
 n - a +2 pair of boots (worn)
 p - a +2 cloak (worn)
 J - a +2 buckler
Magical Staves
 E - an uncursed staff of conjuration
Jewellery
 g - a ring of fire (left hand)
 x - a ring of positive energy (right hand)
 C - an uncursed ring of wizardry
 I - an amulet of the acrobat (around neck)
Wands
 l - a wand of acid (8)
 r - a wand of clouds (9)
 t - a wand of disintegration (9)
 v - a wand of iceblast (6)
 w - a wand of digging (8)
 F - a wand of flame (13)
Scrolls
 c - 2 scrolls of amnesia
 f - 3 scrolls of remove curse
 o - 2 scrolls of teleportation
 q - a scroll of immolation
 u - a scroll of magic mapping
 y - a scroll of blinking
 B - a scroll of fear
Potions
 d - a potion of agility
 h - 3 potions of curing
 i - 5 potions of flight
 j - a potion of haste
 k - 2 potions of lignification
 A - a potion of invisibility {unknown}
 D - a potion of might {unknown}
 H - a potion of heal wounds {unknown}
Comestibles
 b - 8 chunks of flesh
 e - 21 rations {!d}


   Skills:
 + Level 1.7 Fighting
 + Level 1.2 Staves
 + Level 4.9 Dodging
 + Level 3.1 Stealth
 + Level 1.0 Shields
 + Level 13.4 Spellcasting
 + Level 13.1 Conjurations
 + Level 5.2 Fire Magic
 * Level 3.3 Ice Magic
 + Level 5.1 Air Magic
 + Level 6.0 Poison Magic


You had 14 spell levels left.
You knew the following spells:

 Your Spells              Type           Power        Failure   Level  Hunger
a - Magic Dart            Conj           ####         0%          1    None
b - Searing Ray           Conj           #######.     0%          2    None
c - Iskenderun's Mystic   Conj           #######.     0%          3    None
d - Mephitic Cloud        Conj/Pois/Air  #######.     1%          3    None
e - Conjure Flame         Conj/Fire      ########     1%          3    None
f - Bolt of Fire          Conj/Fire      ########..   3%          6    None
g - Throw Icicle          Conj/Ice       #######.     1%          4    None

Your spell library contained the following spells:

 Spells                   Type           Power        Failure   Level  Hunger
 Poisonous Vapours        Pois/Air       ######       1%          2    None
 Fulminant Prism          Conj/Hex       ######....   1%          4    None
 Irradiate                Conj/Tmut      ######....   1%          5    None
 Lightning Bolt           Conj/Air       #######...   1%          5    None
 Iron Shot                Conj/Erth      ######....   9%          6    None
 Lee's Rapid Deconstruct  Erth           ####......   24%         5    None
 Freezing Cloud           Ice/Air        ######....   24%         6    None
 Icicle Burst             Conj/Ice       #######...   26%         7    None
 Ozocubu's Refrigeration  Ice            ######....   34%         6    None
 Steam Barrier            Chrm/Fire      ######....   43%         6    None
 Simulacrum               Ice/Necr       #####.....   56%         6    None
 Statue Form              Tmut/Erth      ####.....    80%         6    None
 Ignition                 Fire           #######...   100%        8    None
 Fire Storm               Conj/Fire      ########..   100%        9    None


Dungeon Overview and Level Annotations

Branches:
Dungeon (10/12)            Temple (1/1) D:4            Lair (0/6) D:7
    Orc: D:8-11

Altars:
Ashenzari
Cheibriados
Dithmenos
Elyvilon
Fedhas
Gozag
Hepliaklqana
Kikubaaqudgha
Lugonu
Makhleb
Nemelex Xobeh
Okawaru
Qazlal
Ru
Sif Muna
Trog
Uskayaw
Vehumet
Wu Jian
Xom
Yredelemnul
Zin
The Shining One

Shops:
D:5 %   D:6 }   D:7 [   D:8 !


Innate Abilities, Weirdness & Mutations

Your spells do not cause hunger and MP costs are reduced by 1.
Your bright wings attract enemies. (Stealth-)
You cannot fit into any form of body armour.
Your shimmering scales are hard and can block incoming attacks. (AC +6, SH +6)
You are small and have problems with some larger weapons.
You can fly continuously.


Message History

The orc priest misses you.
The orc priest calls down the wrath of Beogh upon you.
Beogh smites you!
* * * LOW HITPOINT WARNING * * *
You block the orc's attack.
You feel better. The orc closely misses you.
A gargoyle comes into view. It is wielding a +0 mace.
The orc completely misses you.
Some of the chunks of flesh in your inventory have rotted away.
Things that are here:
a +0 giant club; 169 stones; an ogre corpse An orc and a two-headed ogre come into view.
The orc shouts!
Items here: ))) [[[
Things that are here:
a +0 club; a +0 ring mail The two-headed ogre shouts in stereo!
The orc priest calls down the wrath of Beogh upon you.
Beogh smites you!
You die...

...##............#...J.###
.##.#<..............)...#
# ####.......9..#......#
#..........#.)....#
#..........#.=_o..#
.........#).o..##
.....$..)o)...#
........#K#####
.......@)...#
.......)......#
.........O.....#
..............##
....o...#......#
................#
..........##.....
..........# #...


You could see a two-headed ogre, a gargoyle, a big kobold, an orc priest and 2
orcs.

Vanquished Creatures
  A hydra (D:9)
  2 two-headed ogres
  2 orc knights (Bailey)
  A cyclops (D:9)
  An ugly thing (D:10)
  A gargoyle (D:10)
  A troll (D:10)
  A hornet (D:8)
  Prince Ribbit (D:7)
  5 slime creatures (D:10)
  A shadow (D:10)
  5 yaks (D:9)
  A steam dragon (D:6)
  4 hungry ghosts
  Duvessa (D:5)
  8 orc warriors
  2 ice beasts
  A sky beast (D:9)
  8 ogres
  A phantom (D:6)
  An eye of draining (D:9)
  3 centaurs
  3 big kobolds
  4 bullfrogs
  A gnoll sergeant (D:10)
  Dowan (D:5)
  7 scorpions
  5 wights (D:9)
  2 howler monkeys (D:9)
  5 crimson imps
  3 centaur skeletons
  2 hounds (D:8)
  2 jellies
  An iguana (D:9)
  8 orc priests
  20 orc wizards
  9 worker ants
  Robin (D:2)
  A howler monkey zombie (D:9)
  8 gnolls
  A howler monkey skeleton (D:4)
  7 adders
  4 oozes
  3 worms
  3 dart slugs
  4 leopard geckos
  54 orcs
  A ball python (D:4)
  21 goblins
  15 hobgoblins
  8 jackals
  23 kobolds
  5 quokkas
  3 bats
  2 frilled lizards (D:1)
  A quokka zombie (D:5)
  5 rats
295 creatures vanquished.

Vanquished Creatures (others)
  3 fungi (D:9)
3 creatures vanquished.

Grand Total: 298 creatures vanquished

Notes
Turn   | Place    | Note
-------+----------+-------------------------------------------
     0 | D:1      | funkygono the Fairy Conjurer began the quest for the Orb.
     0 | D:1      | Reached XP level 1. HP: 11/11 MP: 6/6
    90 | D:1      | Reached skill level 5 in Conjurations
   273 | D:1      | Reached XP level 2. HP: 17/17 MP: 7/7
   280 | D:1      | Learned a level 2 spell: Searing Ray
   697 | D:2      | Reached XP level 3. HP: 21/21 MP: 9/9
   702 | D:2      | Learned a level 3 spell: Iskenderun's Mystic Blast
   784 | D:2      | Noticed Robin
   803 | D:2      | Killed Robin
   807 | D:2      | Reached XP level 4. HP: 22/27 MP: 6/10
  1200 | D:2      | Reached XP level 5. HP: 31/31 MP: 12/12
  1490 | D:2      | Found a glowing silver altar of Zin.
  1702 | D:3      | Found a white marble altar of Elyvilon.
  1765 | D:3      | Found a hide-covered altar of Uskayaw.
  1769 | D:3      | Reached skill level 1 in Fighting
  1779 | D:3      | Reached XP level 6. HP: 37/38 MP: 4/14
  1987 | D:3      | Found a basalt altar of Yredelemnul.
  2326 | D:3      | Found a burning altar of Makhleb.
  2618 | D:3      | Reached skill level 5 in Spellcasting
  2867 | D:4      | Reached XP level 7. HP: 30/43 MP: 4/17
  3129 | D:4      | Found a snail-covered altar of Cheibriados.
  3228 | D:4      | Found a staircase to the Ecumenical Temple.
  3238 | Temple   | Entered the Ecumenical Temple
  3431 | Temple   | Became a worshipper of Sif Muna the Loreminder
  3644 | D:4      | Found a radiant altar of Vehumet.
  3765 | D:5      | Entered Level 5 of the Dungeon
  3887 | D:5      | Reached XP level 8. HP: 48/48 MP: 13/20
  3971 | D:5      | Reached * piety under Sif Muna
  4329 | D:5      | Found Pousar's Food Shoppe.
  4441 | D:5      | Found a stormy altar of Qazlal.
  4544 | D:5      | Noticed Duvessa
  4546 | D:5      | Noticed Dowan
  4549 | D:5      | Killed Duvessa
  4549 | D:5      | Received a gift from Sif Muna
  4553 | D:5      | Killed Dowan
  4570 | D:5      | Learned a level 3 spell: Mephitic Cloud
  4574 | D:5      | Learned a level 3 spell: Conjure Flame
  4978 | D:6      | Reached ** piety under Sif Muna
  4987 | D:6      | Reached skill level 10 in Conjurations
  4999 | D:6      | Reached XP level 9. HP: 45/53 MP: 10/24
  5169 | D:6      | Reached skill level 10 in Spellcasting
  5499 | D:6      | Reached skill level 1 in Air Magic
  5499 | D:6      | Reached skill level 1 in Poison Magic
  5833 | D:6      | Found Saataqot's Gadget Emporium.
  6250 | D:7      | Reached skill level 1 in Fire Magic
  6402 | D:7      | Identified Uhasigg's Grimoire of Ashen Flames (Sif Muna
                  | gifted it to you on level 7 of the Dungeon)
  6402 | D:7      | Received a gift from Sif Muna
  6411 | D:7      | Learned a level 6 spell: Bolt of Fire
  6523 | D:7      | Found Fola Men's Antique Armour Boutique.
  6589 | D:7      | Noticed Prince Ribbit
  6596 | D:7      | Killed Prince Ribbit
  6619 | D:7      | Found a staircase to the Lair.
  7009 | D:8      | Found Figgorchi's Distillery.
  7020 | D:8      | Noticed a hornet
  7031 | D:8      | Killed a hornet
  7031 | D:8      | Reached XP level 10. HP: 58/58 MP: 22/27
  7063 | D:8      | Found a shadowy altar of Dithmenos.
  7215 | D:8      | Found a corrupted altar of Lugonu.
  7330 | D:8      | Noticed a two-headed ogre
  7348 | D:8      | Killed a two-headed ogre
  7348 | D:8      | Reached *** piety under Sif Muna
  7446 | D:8      | Found an ornate altar of the Wu Jian Council.
  7453 | D:8      | Found a shimmering altar of Xom.
  7458 | D:8      | Noticed a wolf spider
  7459 | D:8      | Found a shimmering altar of Xom.
  7460 | D:8      | Found a shimmering altar of Xom.
  7460 | D:8      | Found a shimmering altar of Xom.
  7461 | D:8      | Found a shimmering altar of Xom.
  7475 | D:8      | Found a flagged portal.
  7481 | Bailey   | Entered a bailey
  7488 | Bailey   | Noticed an orc knight
  7541 | Bailey   | Noticed an orc knight
  7551 | Bailey   | Identified Sif Muna's Incunabulum of the Glacier (Sif Muna
                  | gifted it to you in a bailey)
  7551 | Bailey   | Received a gift from Sif Muna
  7552 | Bailey   | Killed an orc knight
  7612 | Bailey   | Killed an orc knight
  7990 | D:8      | Noticed a sea snake
  8061 | D:8      | Noticed an eye of devastation
  8399 | D:8      | Noticed a cane toad
  8420 | D:8      | Learned a level 4 spell: Throw Icicle
  8429 | D:8      | Noticed a sea snake
  8429 | D:8      | a snapping turtle changed into a sea snake
  8445 | D:8      | a sea snake changed into a snapping turtle
  8573 | D:9      | Noticed a cyclops
  8576 | D:9      | Killed a cyclops
  8576 | D:9      | Reached skill level 5 in Poison Magic
  8613 | D:9      | Found a blossoming altar of Fedhas.
  8692 | D:9      | Reached XP level 11. HP: 61/63 MP: 20/29
  8705 | D:9      | Noticed a five-headed hydra
  8719 | D:9      | Killed a five-headed hydra
  8719 | D:9      | Reached skill level 5 in Air Magic
  8745 | D:9      | Reached **** piety under Sif Muna
  9280 | D:9      | Identified Ocoeplom's Guide on Conjuration (Sif Muna gifted
                  | it to you on level 9 of the Dungeon)
  9280 | D:9      | Received a gift from Sif Muna
  9289 | D:9      | Reached skill level 5 in Fire Magic
  9411 | D:10     | Entered Level 10 of the Dungeon
  9449 | D:10     | Found a bloodstained altar of Trog.
  9480 | D:10     | Noticed a red ugly thing
  9490 | D:10     | Killed a red ugly thing
  9500 | D:10     | Reached skill level 1 in Ice Magic
  9572 | D:10     | Noticed a two-headed ogre
  9576 | D:10     | Killed a two-headed ogre
  9576 | D:10     | Reached skill level 1 in Staves
  9576 | D:10     | Reached skill level 1 in Shields
  9807 | D:10     | HP: 2/64 [orc priest/divine providence (13)]
  9810 | D:10     | Noticed a two-headed ogre
  9812 | D:10     | Killed from afar by an orc priest

Skill      XL: |  1  2  3  4  5  6  7  8  9 10 11 |
---------------+----------------------------------+-----
Conjurations   | 5 6 7 8 10 11 12 13 | 13.1
Spellcasting   | 3 4 5 6 9 11 12 13 | 13.4
Fighting       | 1 |  1.7
Dodging        | 3 4 |  4.9
Stealth        | 2 3 |  3.1
Air Magic      | 2 4 5 |  5.1
Poison Magic   | 3 5 6 |  6.0
Fire Magic     | 2 4 5 |  5.2
Ice Magic      | 3 |  3.3
Staves         | 1 |  1.2
Shields        | 1 |  1.0

Action                   |  1- 3 |  4- 6 |  7- 9 | 10-12 || total
-------------------------+-------+-------+-------+-------++-------
Melee: Quarterstaff      |       |       |       |     7 ||     7
 Cast: Magic Dart        |    46 |    76 |   152 |   176 ||   450
       Searing Ray       |     4 |    20 |    33 |    19 ||    76
       Iskenderun's Myst |       |    10 |    31 |    56 ||    97
       Mephitic Cloud    |       |       |    20 |     8 ||    28
       Conjure Flame     |       |       |    11 |       ||    11
       Bolt of Fire      |       |       |       |     4 ||     4
  Use: Scroll            |     2 |    10 |     6 |     4 ||    22
       Potion            |       |       |       |     4 ||     4
  Eat: Chunk             |       |     6 |     9 |     6 ||    21
       Ration            |       |       |     1 |     2 ||     3
Armor: Skin              |       |     6 |    11 |    11 ||    28
Dodge: Dodged            |     2 |    11 |    43 |    61 ||   117
Block: Other             |     1 |     6 |    13 |    19 ||    39
